 Dungeon Crawl Stone Soup version 0.18.1-50-g88ac8fd (webtiles) character file.

222 go0n the Shield-Bearer (level 5, -2/34 HPs)
             Began as a Gargoyle Fighter on Sept 21, 2016.
             Was an Initiate of Okawaru.
             Killed by divine providence
             ... invoked by an orc priest
              (9 damage)
             ... on level 4 of the Dungeon.
             The game lasted 00:15:55 (3355 turns).

go0n the Shield-Bearer (Gargoyle Fighter)           Turns: 3355, Time: 00:15:56

Health: -2/34      AC: 17    Str: 23 (25) XL:     5   Next: 99%
Magic:  5/5        EV:  4    Int:  7 (9)  God:    Okawaru [......]
Gold:   200        SH: 10    Dex:  9      Spells: 0 memorised, 4 levels left

rFire  . . .     SeeInvis .     n - +0 whip (venom)
rCold  + . .     Gourm    .     i - +0 plate armour
rNeg   + . .     Faith    .     c - +0 shield
rPois  ∞         Spirit   .     h - +0 helmet
rElec  +         Dismiss  .     (no cloak)
rCorr  .         Reflect  .     w - +0 pair of gloves
SustAt .         Harm     .     (no boots)
MR     .....                    (no amulet)
Stlth  ..........               (no ring)
                                (no ring)

@: mighty, very slightly contaminated, hasted, very quick, not resistant to
hostile enchantments, extremely unstealthy
A: blink, cold resistance 1, negative energy resistance 1, electricity
resistance, unbreathing, petrification resistance, rot immunity, AC +4
a: Blink, Renounce Religion


You were on level 4 of the Dungeon.
You worshipped Okawaru.
Okawaru was noncommittal.
You were very hungry.

You visited 2 branches of the dungeon, and saw 5 of its levels.

You collected 200 gold pieces.

Inventory:

Hand Weapons
 a - a +0 flail
 k - a +0 mace
 n - a +0 whip of venom (weapon)
 u - a +0 halberd of protection
Armour
 b - a +0 scale mail
 c - a +0 shield (worn)
 h - a +0 helmet (worn)
 i - a +0 plate armour (worn)
 m - a +0 pair of gloves
 w - a +0 pair of gloves (worn)
Scrolls
 e - a scroll of magic mapping
 j - 3 scrolls of identify
 p - 2 scrolls of teleportation
 r - a scroll of remove curse
 s - a scroll of noise
Potions
 d - a potion of might
 g - 2 potions of magic
 t - a potion of flight
Books
 l - a Fen Folio

   Spells                             Type                      Level
   a - Corpse Rot                     Necromancy                   2
   b - Stone Arrow                    Conjuration/Earth            3
   c - Leda's Liquefaction            Hexes/Earth                  4
   d - Summon Forest                  Summoning/Translocation      5
   e - Hydra Form                     Transmutation                6
   f - Summon Hydra                   Summoning                    7
 o - a book of Burglary

   Spells                             Type                      Level
   a - Swiftness                      Charms/Air                   2
   b - Passwall                       Transmutation/Earth          2
   c - Passage of Golubria            Translocation                4
   d - Lee's Rapid Deconstruction     Earth                        5
   e - Darkness                       Hexes                        6
   f - Invisibility                   Hexes                        6
Comestibles
 f - 3 bread rations
 x - 2 meat rations
 A - 3 fruits


   Skills:
 + Level 4.3 Fighting
 + Level 3.6 Maces & Flails
 - Level 3.2 Armour
 * Level 5.4 Shields


You had 4 spell levels left.
You didn't know any spells.

Dungeon Overview and Level Annotations

Branches:
Dungeon (4/15)             Temple (1/1) D:4

Altars:
Ashenzari
Cheibriados
Dithmenos
Elyvilon
Gozag
Makhleb
Okawaru
Pakellas
Ru
Sif Muna
Vehumet
Xom
Zin
The Shining One


Innate Abilities, Weirdness & Mutations

You are resistant to torment.
Your stone body is resilient (AC +4).
You are immune to poison.
You resist negative energy.
You are resistant to electric shocks.
You can survive without breathing.
You are immune to petrification.
You are immune to rotting.
You can translocate small distances at will.
Your flesh is cold resistant.


Message History

Okawaru accepts your kill.
You are very lightly contaminated with residual magic.
Drink which item? (? for menu, Esc to quit)
Okay, then.
You blink.
You feel slightly more hungry.
Drink which item? (? for menu, Esc to quit)
Your magic is already full.
Drink which item? (? for menu, Esc to quit)
You feel very mighty all of a sudden.
The orc wizard hits you but does no damage.
You see here 16 stones.
You whack the orc wizard!
The orc wizard is poisoned.
The orc wizard is heavily wounded.
Your shield prevents you from hitting the orc wizard.
The orc wizard is heavily wounded.
The orc wizard points at you and mumbles some strange words.
The magic dart hits you!
The orc priest invokes the aid of Beogh against you.
Beogh smites you!
You die...

*,*****,* *,****#.#
*,*##*#.#****.#***#.#
*,*#.,...,,,,,..,*#.#
*,*#.*#.#****,*#.##<##
*,##.*#.# *.##.....##
*,,..,..# #...[......
*,*#.*#.# ########.##
*,*#.##.### #...
*,*#..@o..#**#*****#...
*,*####.#.#,,.....*#..#
*,#####o#.#,,.....##...
#...!.....#,,..........
####.####.#,,......##.#
#,#..).#,,.........#
#.#.##.#,,......#...
#.#.##.########.#.##
#......#............


You could see an orc priest and an orc wizard.

Vanquished Creatures
  A scorpion (D:4)
  A hound (D:4)
  An orc wizard (D:3)
  3 adders
  3 dart slugs
  2 giant geckos (D:3)
  6 orcs
  5 bats (D:1)
  3 giant cockroaches
  9 goblins
  8 hobgoblins
  7 jackals
  2 quokkas (D:2)
  2 ball pythons
  2 giant newts (D:1)
  9 kobolds
  6 rats
70 creatures vanquished.

Notes
Turn   | Place    | Note
--------------------------------------------------------------
     0 | D:1      | go0n the Gargoyle Fighter began the quest for the Orb.
     0 | D:1      | Reached XP level 1. HP: 14/14 MP: 1/1
    80 | D:1      | Reached XP level 2. HP: 19/19 MP: 2/2
   511 | D:1      | Reached skill level 4 in Shields
   511 | D:1      | Reached XP level 3. HP: 22/23 MP: 3/3
  1072 | D:2      | Found a glowing silver altar of Zin.
  1451 | D:2      | Found a shadowy altar of Dithmenos.
  1704 | D:2      | Reached XP level 4. HP: 28/29 MP: 4/4
  1804 | D:2      | Found a white marble altar of Elyvilon.
  2169 | D:3      | Gained mutation: Your flesh is cold resistant. [potion of mutation]
  2169 | D:3      | Gained mutation: You can translocate small distances at will. [potion of mutation]
  2393 | D:3      | Found a sacrificial altar of Ru.
  2577 | D:3      | Reached XP level 5. HP: 30/33 MP: 5/5
  2829 | D:4      | Reached skill level 5 in Shields
  2846 | D:4      | Found a staircase to the Ecumenical Temple.
  2866 | Temple   | Entered the Ecumenical Temple
  2875 | Temple   | Became a worshipper of the Shining One
  2913 | D:4      | Found an opulent altar of Gozag.
  3131 | D:4      | Found an iron altar of Okawaru.
  3208 | D:4      | Fell from the grace of the Shining One
  3208 | D:4      | Became a worshipper of Warmaster Okawaru
  3355 | D:4      | Killed from afar by an orc priest

Skill      XL: |  1  2  3  4  5 |
---------------+----------------+-----
Shields        | 4 5 |  5.4
Fighting       | 4 |  4.3
Maces & Flails | 3 |  3.6
Armour         | |  3.2

Action                   |  1- 3 |  4- 6 || total
-------------------------+-------+-------++-------
Melee: Flail             |    65 |    17 ||    82
       Whip              |    73 |   114 ||   187
       Mace              |       |     4 ||     4
 Abil: Blink             |       |     1 ||     1
  Use: Scroll            |     1 |     8 ||     9
       Potion            |     1 |     7 ||     8
  Eat: Chunk             |     3 |     4 ||     7
Armor: Scale mail        |    28 |       ||    28
       Plate armour      |    49 |    81 ||   130
Dodge: Dodged            |    26 |    18 ||    44
Block: Shield            |    82 |    74 ||   156
